 Dungeon Crawl Stone Soup version 0.29-a0-284-gf9362112df (webtiles) character file.

Game seed: 11185003605838422398

108148 mistaj the Brawler (level 16, -3/153 HPs)
             Began as a Troll Monk on Mar 28, 2022.
             Was the Champion of Hepliaklqana.
             Slain by a nine-headed hydra (18 damage)
             ... called by a spriggan druid
             ... on level 1 of the Swamp.
             The game lasted 01:12:09 (25912 turns).

mistaj the Brawler (Troll Monk)                    Turns: 25912, Time: 01:12:11

Health: -3/153     AC: 10    Str: 29    XL:     16   Next: 1%
Magic:  24/24      EV:  8    Int:  8    God:    Hepliaklqana [******]
Gold:   631        SH: 33    Dex: 12    Spells: 15/15 levels left

rFire   + + .      SeeInvis .     - Unarmed
rCold   . . .      Faith    .   c - +10 tower shield of Ignorance {rN+ Int-4}
rNeg    + . .      Spirit   .   I - +0 acid dragon scales
rPois   .          Reflect  +   (helmet restricted)
rElec   .          Harm     .   O - +0 cloak
rCorr   +          Rampage  .   (gloves unavailable)
Will    ++...      Clarity  +   (boots unavailable)
Stlth   +.........              V - amulet of reflection
HPRegen 1.15/turn               N - ring "Puaw" {rF++ MP+9 Str+6}
MPRegen 0.19/turn               h - ring of willpower

@: about to teleport, studying Earth Magic, very slow
A: reduced essence, large, unfitting armour, claws 3, regeneration 1, shaggy fur
1, tough skin 1, clarity
a: Renounce Religion, Recall Ancestor, Ancestor Identity, Transference, Idealise


You were on level 1 of the Swamp.
You worshipped Hepliaklqana.
Hepliaklqana was exalted by your worship.
You visited 5 branches of the dungeon, and saw 26 of its levels.
You visited the Abyss 1 time.
You also visited: Bailey and Ice Cave.

You collected 2863 gold pieces.
You spent 2232 gold pieces at shops.

Inventory:

Hand Weapons
 f - the +10 dagger of Kuatwye {antimagic, rC+}
   (You found it on level 3 of the Dungeon)

   It reduces the magical energy of the wielder, and disrupts the spells and
   magical abilities of those it strikes.
   Natural abilities and divine invocations are not affected.
   rC:        It protects you from cold.
 S - a +4 scimitar of flaming
Missiles
 k - 12 javelins (quivered)
 A - 3 throwing nets
Armour
 c - the +10 tower shield of Ignorance (worn) {rN+ Int-4}
   (You acquired it on level 5 of the Dungeon)

   Int:       It affects your intelligence (-4).
   rN:        It protects you from negative energy.
 I - +0 acid dragon scales (worn)
 K - the +0 hat of Death's Door {Int+7 Dex-5}
   (You found it on level 11 of the Dungeon)

   Int:       It affects your intelligence (+7).
   Dex:       It affects your dexterity (-5).
 M - a +2 kite shield of cold resistance
 O - a +0 cloak (worn)
 U - a +0 troll leather armour
Jewellery
 a - a +4 ring of evasion
 d - a +4 ring of protection
 h - a ring of willpower (right claw)
 o - a ring of positive energy
 N - the ring "Puaw" (left claw) {rF++ MP+9 Str+6}
   (You bought it in a shop on level 2 of the Orcish Mines)

   [ring of strength]

   Str:       It affects your strength (+6).
   rF:        It greatly protects you from fire.
   MP:        It affects your magic capacity (+9).
 V - an amulet of reflection (around neck)
 W - a ring of willpower
Wands
 r - a wand of polymorph (15)
 u - a wand of charming (5)
 w - a wand of paralysis (20)
 y - a wand of iceblast (25)
 F - a wand of mindburst (3)
 Q - a wand of acid (14)
 R - a wand of flame (23)
Scrolls
 i - 4 scrolls of blinking
 m - 2 scrolls of holy word
 n - 3 scrolls of teleportation
 p - 3 scrolls of summoning
 B - a scroll of brand weapon
 D - 2 scrolls of enchant armour
 E - 5 scrolls of amnesia
 G - 3 scrolls of fear
 H - a scroll of enchant weapon
 J - a scroll of silence
 L - 2 scrolls of magic mapping
Potions
 b - 11 potions of ambrosia
 e - 5 potions of heal wounds
 g - 2 potions of cancellation
 j - 14 potions of curing
 l - 5 potions of lignification
 q - 6 potions of mutation
 s - 5 potions of haste
 t - 13 potions of flight
 v - 5 potions of brilliance
 x - 3 potions of attraction
 z - 5 potions of invisibility
 C - 5 potions of might
 P - 4 potions of resistance
 T - a potion of berserk rage


   Skills:
 + Level 13.8 Fighting
 + Level 4.8 Armour
 - Level 2.4 Dodging
 - Level 1.0 Stealth
 - Level 15.1 Shields
 + Level 16.1 Unarmed Combat


You had 15 spell levels left.
You didn't know any spells.
Your spell library contained the following spells:

 Spells                   Type           Power      Damage    Failure   Level
 Freeze                   Ice            0%         1d3       80%         1
 Pain                     Necr           0%         1d4       80%         1
 Scorch                   Fire           0%         2d5       91%         2
 Dazzling Flash           Conj/Hex       0%         N/A       99%         3
 Frozen Ramparts          Ice            0%         1d2       99%         3
 Stone Arrow              Conj/Erth      0%         3d7       99%         3
 Animate Armour           Summ/Erth      0%         N/A       100%        4
 Flame Wave               Conj/Fire      0%         2d4       100%        4
 Hailstorm                Conj/Ice       0%         3d3       100%        4
 Agony                    Necr           0%         N/A       100%        5
 Excruciating Wounds      Necr           0%         N/A       100%        5
 Silence                  Hex/Air        0%         N/A       100%        5
 Summon Cactus Giant      Summ           0%         N/A       100%        6
 Lehudib's Crystal Spear  Conj/Erth      0%         10d2      100%        8


Dungeon Overview and Level Annotations

Branches:
Dungeon (15/15)            Temple (1/1) D:4            Lair (6/6) D:9
  Swamp (2/4) Lair:3        Snake (0/4) Lair:4        Slime (0/5) Lair:5
    Orc (2/2) D:12            Elf (0/3) Orc:2        Vaults (0/5) D:14
 Depths (0/4) D:15         Bailey (visited)           IceCv (visited)

Altars:
Ashenzari
Cheibriados
Dithmenos
Elyvilon
Fedhas
Gozag
Hepliaklqana
Kikubaaqudgha
Makhleb
Nemelex Xobeh
Okawaru
Qazlal
Ru
Sif Muna
Trog
Uskayaw
Vehumet
Wu Jian
Xom
Yredelemnul
Zin
The Shining One
Beogh
Jiyva
Lugonu

Shops:
D:3 *   Orc:2 =[[(

Portals:
Abyss: Lair:6


Innate Abilities, Weirdness & Mutations

Your life essence is reduced to manifest your ancestor. (-10% HP)
You are too large for most types of armour.
You have claws for hands.
Your natural rate of healing is unusually fast.
You are covered in fur. (AC +1)
You have tough skin. (AC +1)
You possess an exceptional clarity of mind.


Message History

You enter the shallow water.
Moving in this stuff is going to be slow.
The eight-headed hydra bites you but does no damage.
You block the eight-headed hydra's attack.
The eight-headed hydra bites you but does no damage.
You block the eight-headed hydra's attack.
The eight-headed hydra bites you but does no damage.
The eight-headed hydra bites you!!
The eight-headed hydra barely misses you.
You block the eight-headed hydra's attack.
You rip one of the eight-headed hydra's heads off!
The seven-headed hydra grows two more!
You claw the nine-headed hydra!
The nine-headed hydra is lightly wounded.
You block the bunyip's attack. The bunyip claws you.
You block the bunyip's attack.
The nine-headed hydra completely misses you.
The nine-headed hydra bites you! The nine-headed hydra bites you.
You block the nine-headed hydra's attack.
The nine-headed hydra completely misses you.
You block the nine-headed hydra's attack.
The nine-headed hydra bites you.
The nine-headed hydra bites you but does no damage.
The nine-headed hydra bites you!
As you read the scroll of teleportation, it crumbles to dust.
You feel strangely unstable.
You block the nine-headed hydra's attack. x3
The nine-headed hydra bites you! The nine-headed hydra bites you.
The nine-headed hydra bites you but does no damage.
The nine-headed hydra bites you!
* * * LOW HITPOINT WARNING * * *
The nine-headed hydra barely misses you.
The nine-headed hydra bites you!
* * * LOW HITPOINT WARNING * * *
The nine-headed hydra attacks as you move away!
You block the nine-headed hydra's attack. x2
The nine-headed hydra bites you!
* * * LOW HITPOINT WARNING * * *
You block the nine-headed hydra's attack. x2
The nine-headed hydra bites you!!
You die...

♣♣.♣.≈..♣.♣♣.≈...≈.
♣≈≈§≈≈≈≈...♣≈.≈♣♣♣♣
♣♣.≈..§...≈♣§..≈♣ ♣
♣♣≈≈≈≈.≈≈≈♣..♣§≈≈.♣ ♣
♣.......≈.≈≈..♣♣.♣♣♣♣
♣♣.....≈..≈...♣..≈♣♣.
♣♣≈≈....≈..≈..♣♣≈≈♣.≈
♣≈≈.D..≈.≈.♣.≈♣....≈.
♣...@x.≈≈...≈≈.♣.≈≈≈.
♣..≈....≈≈≈..≈≈.≈..≈.
♣♣.≈.)........≈..≈≈.≈
♣.≈≈.≈.≈≈≈≈....≈..≈.
♣....≈≈..≈...§≈≈.≈.≈.
♣≈≈.♣≈..≈≈≈.≈.≈≈.≈.≈.
♣♣..♣♣≈..≈.≈..≈≈..≈.≈
..≈. ≈≈≈.≈..≈.....≈)
♣♣≈. ≈.≈.≈≈....≈....


You could see a bunyip (strong) and a nine-headed hydra (strong).

Vanquished Creatures
  Rupert (D:13)
  Frances (D:13)
  2 tentacled starspawn (Abyss:2)
  A fire giant (D:15)
  Louise (D:15)
  A deep elf sorcerer (Abyss:2)
  Nessos (D:13)
  An ettin (Orc:2)
  A shambling mangrove (Swamp:2)
  Josephine (D:15)
  A great orb of eyes (Abyss:2)
  The ghost of Nipigouma the Protected, a journeyman DjBe of Trog (Lair:1)
  4 boulder beetles
  A rakshasa (Abyss:2)
  13 two-headed ogres
  5 hydras
  4 centaur warriors
  An ogre mage (Orc:2)
  4 death yaks (Lair:6)
  2 alligators (Swamp:1)
  2 dancing weapons (D:14)
  2 death knights (D:15)
  Urug (D:13)
  4 thrashing horrors
  A wretched star (Abyss:2)
  4 goliath frogs (Swamp:1)
  A skeletal warrior (D:14)
  A glowing orange brain (Lair:1)
  An obsidian statue (D:10)
  2 bog bodies (IceCv)
  A spriggan druid (Swamp:1)
  A deep troll (Orc:1)
  A wolf spider zombie (D:14)
  2 deep elf pyromancers
  4 large abominations
  A salamander (shapeshifter) (Lair:6)
  9 ugly things
  2 manticores (D:12)
  The ghost of spaghetti the Covert, a novice OpCA of Ignis (D:6)
  4 cyclopes
  4 elephants (Lair:3)
  3 centaur zombies (D:14)
  2 black mambas (Lair:2)
  2 smoke demons (Lair:6)
  An orange demon (Abyss:2)
  9 cane toads
  2 efreet
  An unseen horror (D:11)
  4 komodo dragons
  2 anaconda simulacra (IceCv)
  2 rime drakes
  A tengu conjurer (D:13)
  A redback zombie (D:14)
  A freezing wraith (Abyss:2)
  3 ancient zymes
  4 ice devils
  2 entropy weaver simulacra (IceCv)
  A hellwing (Abyss:2)
  A queen bee (Lair:2)
  A polar bear (shapeshifter) (Lair:6)
  A harpy zombie (Abyss:2)
  13 trolls
  3 tyrant leeches (Swamp:1)
  Prince Ribbit (D:7)
  3 hornets (Swamp:2)
  A raiju (Abyss:2)
  16 small abominations
  5 slime creatures
  9 blink frogs (Lair:6)
  2 ynoxinuls (Lair:6)
  A shadow (D:11)
  6 wraiths
  7 wyverns
  A vampire (D:10)
  2 dire elephant simulacra (IceCv)
  55 yaks
  A basilisk (shapeshifter) (Lair:6)
  9 basilisks
  2 chaos spawn (Abyss:2)
  9 vampire mosquitoes
  A warg (Orc:2)
  Menkaure (D:7)
  A harpy simulacrum (IceCv)
  4 swamp worms (Swamp:1)
  3 nagas (Lair:4)
  6 acid dragons
  12 water moccasins
  15 orc warriors
  2 ice beasts (D:7)
  3 black bears
  21 ogres
  A sky beast (D:6)
  5 starcursed masses (Abyss:2)
  5 wolves (Lair:5)
  17 centaurs
  4 kobold brigands
  2 gnoll sergeants
  3 scorpions
  14 bullfrogs
  2 necrophages
  3 two-headed ogre simulacra (IceCv)
  A cane toad simulacrum (IceCv)
  6 wights
  An elephant simulacrum (IceCv)
  27 killer bees
  A howler monkey (D:4)
  2 hexers
  4 hounds
  7 jellies
  11 orc priests
  Natasha (thrice) (D:4)
  11 orc wizards
  3 hell rats (Lair:4)
  2 polar bear simulacra (IceCv)
  3 spriggan simulacra (IceCv)
  5 troll simulacra (IceCv)
  A mummy (D:14)
  20 gnolls
  5 adders
  5 naga simulacra (IceCv)
  A shadow imp (D:5)
  7 white imps
  8 ufetubi
  3 worms
  A dart slug (D:2)
  58 orcs
  8 ball pythons
  5 bats
  8 endoplasms
  2 giant cockroaches
  5 goblins
  9 hobgoblins
  30 kobolds
  3 quokkas
  A frilled lizard (D:1)
  5 rats
683 creatures vanquished.

Vanquished Creatures (collateral kills)
  A bunyip (Swamp:1)
  An ogre mage (Orc:2)
  2 hydras
  2 centaur warriors (D:13)
  A thrashing horror (Lair:6)
  An anaconda skeleton (Abyss:2)
  A deep troll (Orc:2)
  Pikel (D:7)
  3 cyclopes
  A centaur zombie (D:14)
  An ugly thing (Lair:6)
  Joseph (D:9)
  A black mamba (Lair:3)
  An ice statue (IceCv)
  A rime drake (Lair:4)
  A troll (D:12)
  A tyrant leech (Lair:3)
  2 blink frogs (Lair:6)
  A slime creature (D:10)
  A vampire (D:12)
  14 yaks
  A basilisk (Lair:2)
  A vampire mosquito (D:15)
  A steam dragon (Lair:5)
  A harpy simulacrum (IceCv)
  A death yak simulacrum (IceCv)
  A warg (Orc:2)
  3 water moccasins
  An orc warrior (Orc:1)
  An ice beast (D:6)
  A black bear (D:9)
  An ogre (Orc:2)
  A lemure (D:7)
  A two-headed ogre simulacrum (IceCv)
  2 small abominations (Abyss:2)
  2 bullfrogs
  A scorpion (D:6)
  A wight (D:8)
  2 killer bees (Lair:2)
  An elephant simulacrum (IceCv)
  A howler monkey (D:6)
  2 orc priests
  A hound (D:6)
  An iguana (D:5)
  2 hell rats (Lair:4)
  2 troll simulacra (IceCv)
  4 gnolls
  An adder (D:6)
  A shadow imp (D:6)
  A white imp (IceCv)
  9 orcs
88 creatures vanquished.

Vanquished Creatures (others)
  A wizard (D:15)
  2 ugly things (D:14)
  23 hexers
  An ufetubus (IceCv)
  4 orcs (D:12)
  69 fungi
  56 plants
  11 starspawn tentacles (Abyss:2)
  9 withered plants (D:14)
176 creatures vanquished.

Grand Total: 947 creatures vanquished

Notes
Turn   | Place    | Note
-------+----------+-------------------------------------------
     0 | D:1      | mistaj the Troll Monk began the quest for the Orb.
     0 | D:1      | Reached XP level 1. HP: 22/22 MP: 0/0
   150 | D:1      | Reached XP level 2. HP: 29/29 MP: 1/1
   284 | D:1      | Found a faded altar of an unknown god.
   646 | D:2      | Reached XP level 3. HP: 37/37 MP: 2/2
  1176 | D:3      | Reached skill level 4 in Unarmed Combat
  1208 | D:3      | Found Arphiudut's General Store.
  1256 | D:3      | Reached XP level 4. HP: 37/45 MP: 3/3
  1574 | D:3      | You fall into a shaft and drop 2 floors!
  1574 | D:5      | Entered Level 5 of the Dungeon
  1575 | D:5      | Found a shadowy altar of Dithmenos.
  1585 | D:4      | Found Gyedobec's Distillery.
  1586 | D:4      | Noticed Natasha
  1608 | D:4      | Reached XP level 5. HP: 54/54 MP: 4/4
  1614 | D:4      | Killed Natasha
  1641 | D:4      | Noticed Natasha
  1649 | D:4      | Killed Natasha
  1727 | D:5      | Identified a scroll of acquirement
  1727 | D:5      | Acquired the +10 tower shield of Ignorance {rN+ Int-4}
  1727 | D:5      | Found the +10 tower shield of Ignorance {rN+ Int-4}
  1972 | D:3      | Identified the +10 dagger of Kuatwye {antimagic, rC+}
  2096 | D:4      | Reached skill level 5 in Unarmed Combat
  2247 | D:4      | Noticed Natasha
  2258 | D:4      | Killed Natasha
  2259 | D:4      | Reached skill level 1 in Shields
  2259 | D:4      | Reached XP level 6. HP: 62/62 MP: 5/5
  2507 | D:4      | Found a staircase to the Ecumenical Temple.
  2512 | Temple   | Entered the Ecumenical Temple
  2562 | Temple   | Became a worshipper of Hepliaklqana the Forgotten
  2562 | Temple   | Reached * piety under Hepliaklqana
  2562 | Temple   | Reached ** piety under Hepliaklqana
  2563 | Temple   | Remembered your ancestor Caesarion as a hexer
  2870 | D:5      | Found an iron altar of Okawaru.
  3116 | D:5      | Found a shimmering altar of Xom.
  3415 | D:5      | Reached *** piety under Hepliaklqana
  3596 | D:6      | Found a runed translucent door.
  3599 | D:6      | Noticed spaghetti's ghost (novice OpCA)
  3607 | D:6      | Killed spaghetti's ghost
  3608 | D:6      | Reached skill level 5 in Fighting
  3608 | D:6      | Reached skill level 6 in Unarmed Combat
  3608 | D:6      | Reached XP level 7. HP: 62/64 MP: 6/6
  3616 | D:6      | Reached XP level 8. HP: 72/72 MP: 7/7
  3620 | D:6      | Found a runed translucent door.
  3725 | D:6      | Reached skill level 7 in Unarmed Combat
  3781 | D:6      | Found a snail-covered altar of Cheibriados.
  3840 | D:6      | Found a broken altar of Ashenzari.
  3840 | D:6      | Found a hide-covered altar of Uskayaw.
  3840 | D:6      | Found a blossoming altar of Fedhas.
  3842 | D:6      | Found a sacrificial altar of Ru.
  4485 | D:7      | Reached **** piety under Hepliaklqana
  4543 | D:7      | Reached XP level 9. HP: 68/82 MP: 8/8
  4558 | D:7      | Reached skill level 5 in Shields
  4558 | D:7      | Reached skill level 8 in Unarmed Combat
  4658 | D:7      | Noticed Pikel
  4669 | D:7      | Killed Pikel
  4869 | D:7      | Noticed Prince Ribbit
  4876 | D:7      | Killed Prince Ribbit
  5047 | D:7      | Noticed Menkaure
  5058 | D:7      | Killed Menkaure
  5059 | D:7      | Reached skill level 9 in Unarmed Combat
  5366 | D:8      | Found a flagged portal.
  5375 | Bailey   | Entered a bailey
  5767 | Bailey   | Reached skill level 10 in Shields
  5767 | Bailey   | Reached XP level 10. HP: 91/91 MP: 9/9
  5809 | D:8      | Found an opulent altar of Gozag.
  5909 | D:8      | Identified the +9 dagger "Saubom" {vorpal, rN+ Int+4}
  6021 | D:8      | Reached XP level 11. HP: 99/99 MP: 10/10
  6357 | D:8      | Noticed a two-headed ogre
  6369 | D:8      | Killed a two-headed ogre
  6452 | D:8      | Reached ***** piety under Hepliaklqana
  6757 | D:9      | Noticed a two-headed ogre
  6764 | D:9      | Killed a two-headed ogre
  6920 | D:9      | Noticed Joseph
  6943 | D:9      | Killed Joseph
  6944 | D:9      | Reached skill level 10 in Unarmed Combat
  7016 | D:9      | Noticed a two-headed ogre
  7025 | D:9      | Killed a two-headed ogre
  7111 | D:9      | Found a staircase to the Lair.
  7531 | D:10     | Entered Level 10 of the Dungeon
  7732 | D:10     | Noticed an obsidian statue
  7935 | D:10     | Noticed a two-headed ogre
  7960 | D:10     | Killed a two-headed ogre
  8205 | D:10     | Gained mutation: You are weak. (Str -2) [a neqoxec]
  8206 | D:10     | Gained mutation: You sometimes lose the ability to read
                  | scrolls when taking damage. [a neqoxec]
  8218 | D:10     | Noticed a sun demon
  8219 | D:10     | Killed an obsidian statue
  8220 | D:10     | Reached XP level 12. HP: 39/110 MP: 11/11
  8337 | D:11     | Noticed a boulder beetle
  8395 | D:10     | Killed a boulder beetle
  8396 | D:10     | Reached skill level 11 in Unarmed Combat
  8517 | D:11     | Identified the +3 leather armour of Zin's Anger {Will+++
                  | rCorr Str-5 Int+4}
  8645 | D:11     | Identified the +0 hat of Death's Door {Int+7 Dex-5}
  9291 | D:12     | Noticed a boulder beetle
  9316 | D:12     | Killed a boulder beetle
  9425 | D:12     | Noticed a two-headed ogre
  9439 | D:12     | Killed a two-headed ogre
  9440 | D:12     | Reached skill level 10 in Fighting
  9559 | D:12     | Found a staircase to the Orcish Mines.
  9645 | D:12     | Reached skill level 12 in Unarmed Combat
  9807 | D:12     | Reached ****** piety under Hepliaklqana
 10121 | D:13     | Noticed a centaur warrior
 10133 | D:13     | Killed a centaur warrior
 10206 | D:13     | Noticed Urug
 10225 | D:13     | Killed Urug
 10396 | D:13     | Noticed Frances
 10411 | D:13     | HP: 2/114 [Frances/iron shot (19)]
 10414 | D:13     | Killed Frances
 10415 | D:13     | Reached XP level 13. HP: 5/121 MP: 12/12
 11016 | D:13     | Noticed Rupert
 11064 | D:13     | Killed Rupert
 11264 | D:13     | Noticed Nessos
 11300 | D:13     | Killed Nessos
 11586 | Lair:1   | Entered Level 1 of the Lair of Beasts
 11683 | Lair:1   | Reached skill level 13 in Unarmed Combat
 11793 | Lair:1   | Found a runed translucent gate.
 11793 | Lair:1   | Found a runed translucent gate.
 11793 | Lair:1   | Found a runed translucent gate.
 11794 | Lair:1   | Noticed Nipigouma's ghost (journeyman DjBe)
 11795 | Lair:1   | Found a viscous altar of Jiyva.
 13390 | Lair:3   | You fall into a shaft and drop 3 floors!
 13390 | Lair:6   | Entered Level 6 of the Lair of Beasts
 14270 | Lair:3   | Found a staircase to the Swamp.
 14572 | Lair:4   | Reached XP level 14. HP: 133/133 MP: 13/13
 14886 | Lair:4   | Found a staircase to the Snake Pit.
 15253 | Lair:5   | Found a staircase to the Slime Pits.
 15396 | Lair:5   | Reached skill level 14 in Unarmed Combat
 17742 | Lair:6   | Found a corrupted altar of Lugonu.
 17742 | Lair:6   | Found a one-way gate to the infinite horrors of the Abyss.
 18177 | D:14     | Found a gate to the Vaults.
 18407 | D:14     | Reached skill level 15 in Unarmed Combat
 19054 | D:14     | Reached XP level 15. HP: 142/142 MP: 14/14
 19319 | Lair:1   | Cast into level 2 of the Abyss (Nipigouma's ghost)
 19431 | Abyss:2  | Noticed a tentacled starspawn
 19454 | Abyss:2  | Killed a tentacled starspawn
 19464 | Abyss:2  | Noticed a tentacled starspawn
 19474 | Abyss:2  | Killed a tentacled starspawn
 19531 | Abyss:2  | Found a corrupted altar of Lugonu.
 19578 | Abyss:2  | Noticed a tentacled starspawn
 19662 | Abyss:2  | Found a broken altar of Ashenzari.
 19838 | Abyss:2  | Noticed a deep elf sorcerer
 19846 | Abyss:2  | Killed a deep elf sorcerer
 19911 | Lair:1   | Escaped the Abyss
 19922 | Lair:1   | Killed Nipigouma's ghost
 20031 | Lair:1   | Lost mutation: You are weak. (Str -2) [potion of mutation]
 20031 | Lair:1   | Lost mutation: You sometimes lose the ability to read
                  | scrolls when taking damage. [potion of mutation]
 20031 | Lair:1   | Gained mutation: Your movements are slightly less
                  | encumbered by armour. (ER -2) [potion of mutation]
 20031 | Lair:1   | Gained mutation: You have hidden genetic defects. [potion
                  | of mutation]
 20031 | Lair:1   | Gained mutation: You are weak. (Str -2) [potion of
                  | mutation]
 20032 | Lair:1   | Lost mutation: Your movements are slightly less encumbered
                  | by armour. (ER -2) [potion of mutation]
 20032 | Lair:1   | Lost mutation: You are weak. (Str -2) [potion of mutation]
 20032 | Lair:1   | Lost mutation: You have hidden genetic defects. [potion of
                  | mutation]
 20032 | Lair:1   | Gained mutation: Your spells are a little harder to cast,
                  | but a little more powerful. [potion of mutation]
 20032 | Lair:1   | Gained mutation: You have a pair of small antennae on your
                  | head. [potion of mutation]
 20210 | Orc:1    | Entered Level 1 of the Orcish Mines
 20263 | Orc:1    | Found a frozen archway.
 20369 | IceCv    | Entered an ice cave
 20734 | IceCv    | Reached skill level 1 in Armour
 20962 | IceCv    | HP: 1/143 [entropy weaver simulacrum (11)]
 22449 | Orc:2    | Entered Level 2 of the Orcish Mines
 22451 | Orc:2    | Found a staircase to the Elven Halls.
 23341 | Orc:2    | Paralysed by an ogre mage for 3 turns
 23344 | Orc:2    | Found Byan's Jewellery Shop.
 23345 | Orc:2    | Found Cesituox's Armour Boutique.
 23483 | Orc:2    | Found Feyjawum's Antique Armour Shoppe.
 23492 | Orc:2    | Found Haom's Antique Weapon Shop.
 23513 | Orc:2    | Bought the ring "Puaw" {rF++ MP+9 Str+6} for 1722 gold
                  | pieces
 23513 | Orc:2    | Bought an amulet of reflection for 510 gold pieces
 23616 | Orc:2    | Reached skill level 15 in Shields
 23879 | D:15     | Entered Level 15 of the Dungeon
 24037 | D:15     | Noticed Josephine
 24048 | D:15     | Killed Josephine
 24220 | D:15     | Found a blossoming altar of Fedhas.
 24220 | D:15     | Noticed Louise
 24295 | D:15     | Killed Louise
 24465 | D:15     | Found a staircase to the Depths.
 24521 | D:15     | Noticed a fire giant
 24534 | D:15     | Killed a fire giant
 25022 | Swamp:1  | Entered Level 1 of the Swamp
 25206 | Swamp:2  | Reached skill level 16 in Unarmed Combat
 25379 | Swamp:1  | Lost mutation: Your spells are a little harder to cast, but
                  | a little more powerful. [potion of mutation]
 25379 | Swamp:1  | Lost mutation: You have a pair of small antennae on your
                  | head. [potion of mutation]
 25379 | Swamp:1  | Gained mutation: You possess an exceptional clarity of
                  | mind. [potion of mutation]
 25803 | Swamp:1  | Reached XP level 16. HP: 108/153 MP: 15/15
 25912 | Swamp:1  | Slain by a nine-headed hydra

Illustrated notes

Levels and vault maps discovered:
D:1:      wander_arrival_lonely_grave, layout_rooms,
          chequers_ecumenical_altar_simple
D:2:      layout_loops_ring
D:3:      layout_basic, serial_shops, nicolae_shop_waterfront,
          minmay_misc_feat_five
D:4:      layout_basic, temple_statues, serial_shops, shop,
          kennysheep_cross_room, uniq_natasha
D:5:      layout_gridville, mainiacjoe_overflow_24_doors,
          mainiacjoe_overflow_catch_the_wave
D:6:      cheibrodos_thug_alley, layout_gridville, grunt_temple_overflow_open,
          mainiacjoe_overflow_concentric_impassable, ebering_ghost_sewer_f
D:7:      layout_loops_corners, uniq_prince_ribbit1, uniq_pikel, uniq_menkaure
D:8:      layout_basic, grunt_gozag_breadcrumbs, enter_bailey_1,
          serial_bayou_crossing
D:9:      layout_basic, due_lair_maze_entry_diamond, grunt_decor_one_mirror,
          uniq_joseph
D:10:     layout_basic, minivault_16
D:11:     layout_gridville
D:12:     layout_cave_pools, hiddenorc1_lemuel, kennysheep_generic_room_12
D:13:     layout_loops_corners, minivault_10, uniq_rupert, uniq_nessos,
          uniq_frances, uniq_urug
D:14:     layout_loops_ring, erik_vaults_1, serial_undead, serial_undead_c,
          serial_undead_b, serial_undead_e, serial_undead_f, kennysheep_nub,
          hex_large
D:15:     grunt_enter_depths_giant_problem, layout_loops_ring,
          minmay_misc_feat_hallway, fedhas_altar_3, uniq_josephine, uniq_louise
Temple:   nicolae_temple_god_jail
Lair:1:   layout_loops_ring, gammafunk_ghost_ooze
Lair:2:   layout_gridlike, special_room [special_room_bee]
Lair:3:   layout_regular_city, palyth_hydra_swamp_entry
Lair:4:   layout_big_grid, guppyfry_snake_entry_island
Lair:5:   layout_cave_shapes, nicolae_slime_entry_slimehenge
Lair:6:   hellmonk_lair_end_abyssal_woods, layout_concentric_octagons
Swamp:1:  layout_basic_swamp, hangedman_swamp_pad, swamp_pool1
Swamp:2:  layout_basic_swamp, hangedman_swamp_ruin_hall
Orc:1:    layout_diamond_mine, portal_ice_cave_demonic_guard, basic_altar
Orc:2:    st_orc_open, layout_caves

Skill      XL: |  1  2  3  4  5  6  7  8  9 10 11 12 13 14 15 |
---------------+----------------------------------------------+-----
Fighting       | 3 4 5 6 7 9 10 11 12 13 | 13.8
Unarmed Combat | 4 5 6 7 9 10 12 13 15 16 | 16.1
Shields        | 1 3 4 10 11 12 13 14 15 | 15.1
Armour         | 4 |  4.8
Dodging        | |  2.4
Stealth        | |  1.0

Action                   |  1- 3 |  4- 6 |  7- 9 | 10-12 | 13-15 | 16-18 || total
-------------------------+-------+-------+-------+-------+-------+-------++-------
Melee: Unarmed           |    95 |    94 |   211 |   566 |  1494 |     7 ||  2467
       Punch             |     1 |       |       |       |       |       ||     1
       Hand axe          |       |       |       |       |    24 |       ||    24
       Scimitar          |       |       |       |       |    26 |       ||    26
       Dagger            |       |       |       |       |   328 |       ||   328
Invok: Ancestor Life: He |       |     1 |       |       |       |       ||     1
       Recall Ancestor   |       |       |       |     1 |     2 |       ||     3
  Use: Scroll            |       |    11 |     7 |     9 |     8 |     1 ||    36
       Potion            |       |       |     1 |       |    10 |       ||    11
 Stab: Sleeping          |     4 |     1 |     8 |       |     1 |       ||    14
       Confused          |       |       |     3 |     2 |    22 |       ||    27
       Distracted        |       |       |     1 |     4 |    14 |       ||    19
       Paralysed         |       |       |       |       |    58 |       ||    58
Armor: Robe              |    30 |    33 |    27 |    12 |       |       ||   102
       Acid dragon scale |       |       |       |    89 |    15 |     5 ||   109
       Troll leather arm |       |       |       |       |   331 |       ||   331
Dodge: Dodged            |    32 |    27 |    14 |    95 |   264 |     4 ||   436
Block: Tower shield      |       |    29 |   179 |   805 |  2223 |    17 ||  3253
       Reflection        |       |       |       |       |    12 |       ||    12

Table legend: (Time is in decaauts)
 A = Elapsed time spent in this place.
 B = Non-inter-level travel time spent in this place.
 C = Inter-level travel time spent in this place.
 D = Time resting spent in this place.
 E = Time spent auto-exploring this place.
 F = Levels seen in this place.
 G = Mean time per level.
                   A        B        C        D        E       F      G
               +--------+--------+--------+--------+--------+-----+--------+
         Total |  25948 |  24578 |   1370 |   4355 |  11516 |  29 |  894.8 |
       Dungeon |  13596 |  12751 |    845 |   1639 |   7280 |  15 |  906.4 |
        Temple |     60 |     52 |      8 |      0 |     28 |   1 |   60.0 |
          Lair |   6770 |   6313 |    457 |   1051 |   3184 |   6 | 1128.3 |
         Swamp |    917 |    917 |      0 |    407 |    205 |   2 |  458.5 |
  Orcish Mines |   2084 |   2025 |     59 |    448 |    579 |   2 | 1042.0 |
         Abyss |    575 |    575 |      0 |     70 |      0 |   1 |  575.0 |
        Bailey |    402 |    402 |      0 |     47 |     65 |   1 |  402.0 |
      Ice Cave |   1541 |   1541 |      0 |    692 |    174 |   1 | 1541.0 |
               +--------+--------+--------+--------+--------+-----+--------+

Top non-repeatable levels by time:
  Lair:6: 2231 daAuts
   IceCv: 1541 daAuts
    D:13: 1492 daAuts
  Lair:1: 1193 daAuts
   Orc:2: 1111 daAuts
     D:8: 1104 daAuts
    D:14: 1073 daAuts
  Lair:3: 1030 daAuts
    D:12: 997 daAuts
   Orc:1: 973 daAuts
     D:5: 961 daAuts
     D:7: 944 daAuts
    D:11: 939 daAuts
    D:15: 929 daAuts
    D:10: 916 daAuts
